[ AOE2 MATCH · #477259057 ]
1v1 RMKhmer vs Franks
Player's team · WIN
Rival team · LOSS
[ REPLAY ANALYSIS · EXTRACTED FROM THE RECORDED GAME ]
Feudal
10:07
Castle
21:49
Imperial
—
| APM avg | 17.6 |
| APM peak | 52 |
| eAPM avg | 11.6 |
| Villagers / military | 60 / 46 |
Focus
⚔️ 27.1% · 🌾 72.9%
Knight ×14 · Battle Elephant ×11 · Scout Cavalry ×8 · Spearman ×7 · Ballista Elephant ×6
Feudal
10:34
Castle
25:32
Imperial
—
| APM avg | 22.0 |
| APM peak | 52 |
| eAPM avg | 11.9 |
| Villagers / military | 58 / 51 |
Focus
⚔️ 29.1% · 🌾 70.9%
Spearman ×24 · Archer ×11 · Knight ×11 · Scout Cavalry ×5
Match map
Resources at game start + every placement click. Thick line = wall · dashed box = detected house wall. 🟡 gold · ⚪ stone · 🟢 berries · 🔶 boar · ⭕ relic
Inputs per minute
— beowulf210290 - - RDreaM
Build order — beowulf210290
First 150 of 208 actions detected
| 0:02 | Create | Villager (Male) |
| 0:02 | Create | Villager (Male) |
| 0:02 | Create | Villager (Male) |
| 0:02 | Create | Villager (Male) |
| 0:08 | Build | House |
| 0:10 | Build | House |
| 1:49 | Create | Villager (Male) |
| 2:17 | Build | Lumber Camp |
| 2:55 | Create | Villager (Male) |
| 2:55 | Create | Villager (Male) |
| 3:55 | Create | Villager (Male) |
| 4:19 | Create | Villager (Male) |
| 4:19 | Create | Villager (Male) |
| 4:58 | Create | Villager (Male) |
| 4:58 | Create | Villager (Male) |
| 4:59 | Create | Villager (Male) |
| 5:29 | Create | Villager (Male) |
| 5:36 | Build | House |
| 5:46 | Build | Mill |
| 6:28 | Create | Villager (Male) |
| 6:30 | Create | Villager (Male) |
| 6:42 | Build | House |
| 7:28 | Research | Loom |
| 7:43 | Build | Barracks |
| 7:54 | Research | Feudal Age |
| 8:00 | Research | Loom |
| 8:09 | Build | Palisade Wall |
| 8:26 | Build | Palisade Wall |
| 8:39 | Build | Palisade Wall |
| 9:36 | Create | Villager (Male) |
| 9:36 | Create | Villager (Male) |
| 9:36 | Create | Villager (Male) |
| 9:36 | Create | Villager (Male) |
| 9:38 | Create | Villager (Male) |
| 9:50 | Build | Palisade Wall |
| 9:58 | Build | House |
| 10:04 | Build | Palisade Wall |
| 10:07 | Age | Feudal Age |
| 10:38 | Build | Farm |
| 10:38 | Build | Farm |
| 10:38 | Build | Farm |
| 10:39 | Build | Farm |
| 10:39 | Build | Farm |
| 10:39 | Build | Farm |
| 10:40 | Build | Farm |
| 11:17 | Create | Villager (Male) |
| 11:17 | Create | Villager (Male) |
| 11:26 | Build | Farm |
| 11:37 | Research | Double-Bit Axe |
| 12:04 | Build | Farm |
| 12:04 | Build | Farm |
| 12:04 | Build | Farm |
| 12:09 | Build | Farm |
| 12:17 | Build | Farm |
| 12:46 | Build | Lumber Camp |
| 12:59 | Create | Spearman |
| 12:59 | Create | Spearman |
| 13:31 | Create | Villager (Male) |
| 13:31 | Create | Villager (Male) |
| 13:32 | Create | Villager (Male) |
| 13:32 | Create | Villager (Male) |
| 13:32 | Create | Villager (Male) |
| 13:41 | Build | House |
| 13:42 | Build | House |
| 13:43 | Build | House |
| 14:06 | Build | Farm |
| 14:21 | Build | Blacksmith |
| 14:50 | Build | Market |
| 15:13 | Build | Mining Camp |
| 15:16 | Create | Villager (Male) |
| 15:16 | Create | Villager (Male) |
| 15:38 | Build | Stable |
| 15:56 | Build | Mining Camp |
| 16:13 | Build | Farm |
| 16:13 | Build | Farm |
| 16:13 | Build | Farm |
| 16:14 | Build | Farm |
| 16:14 | Build | Farm |
| 16:15 | Build | Farm |
| 16:16 | Build | Farm |
| 16:31 | Create | Villager (Male) |
| 16:31 | Create | Villager (Male) |
| 16:31 | Create | Villager (Male) |
| 16:37 | Build | Farm |
| 16:53 | Build | House |
| 17:02 | Create | Villager (Male) |
| 17:02 | Create | Villager (Male) |
| 17:20 | Build | Farm |
| 17:24 | Build | Farm |
| 17:45 | Build | Barracks |
| 17:47 | Build | Barracks |
| 18:05 | Build | Palisade Gate |
| 18:11 | Build | Palisade Wall |
| 18:33 | Create | Spearman |
| 18:33 | Create | Spearman |
| 18:34 | Create | Spearman |
| 19:09 | Research | Castle Age |
| 19:35 | Create | Spearman |
| 19:36 | Create | Spearman |
| 19:45 | Build | Farm |
| 19:57 | Research | Scale Mail Armor |
| 19:58 | Research | Scale Barding Armor |
| 20:12 | Build | Stable |
| 20:13 | Build | Stable |
| 20:19 | Research | Bloodlines |
| 20:38 | Build | Farm |
| 20:41 | Create | Villager (Male) |
| 20:41 | Create | Villager (Male) |
| 21:02 | Build | House |
| 21:03 | Build | House |
| 21:04 | Build | House |
| 21:05 | Build | House |
| 21:05 | Build | House |
| 21:07 | Build | House |
| 21:33 | Create | Scout Cavalry |
| 21:33 | Create | Scout Cavalry |
| 21:34 | Create | Scout Cavalry |
| 21:49 | Age | Castle Age |
| 21:50 | Build | House |
| 21:52 | Build | House |
| 21:59 | Research | Husbandry |
| 22:01 | Create | Knight |
| 22:01 | Create | Knight |
| 22:02 | Create | Knight |
| 22:17 | Create | Knight |
| 22:18 | Create | Knight |
| 22:38 | Create | Villager (Male) |
| 22:38 | Create | Villager (Male) |
| 22:39 | Create | Villager (Male) |
| 22:39 | Create | Villager (Male) |
| 23:00 | Create | Knight |
| 23:00 | Create | Knight |
| 23:06 | Build | Farm |
| 23:14 | Build | Farm |
| 23:15 | Build | Farm |
| 23:49 | Research | Chain Barding Armor |
| 23:55 | Build | Farm |
| 23:56 | Build | Farm |
| 24:22 | Create | Knight |
| 24:23 | Create | Knight |
| 24:23 | Create | Knight |
| 24:58 | Create | Villager (Male) |
| 24:58 | Create | Villager (Male) |
| 24:58 | Create | Villager (Male) |
| 24:59 | Create | Villager (Male) |
| 24:59 | Create | Villager (Male) |
| 24:59 | Create | Villager (Male) |
| 25:00 | Create | Villager (Male) |
| 26:13 | Create | Battle Elephant |
| 26:13 | Create | Battle Elephant |
Build order — RDreaM
First 150 of 183 actions detected
| 0:00 | Create | Villager (Male) |
| 0:01 | Create | Villager (Male) |
| 0:01 | Create | Villager (Male) |
| 0:01 | Create | Villager (Male) |
| 0:04 | Build | House |
| 0:06 | Build | House |
| 1:35 | Create | Villager (Male) |
| 1:51 | Build | Lumber Camp |
| 2:09 | Create | Villager (Male) |
| 2:31 | Create | Villager (Male) |
| 3:03 | Create | Villager (Male) |
| 3:27 | Create | Villager (Male) |
| 3:35 | Build | House |
| 3:37 | Build | House |
| 4:20 | Create | Villager (Male) |
| 4:20 | Create | Villager (Male) |
| 5:05 | Build | Mill |
| 5:34 | Create | Villager (Male) |
| 6:06 | Create | Villager (Male) |
| 6:18 | Create | Villager (Male) |
| 6:39 | Create | Villager (Male) |
| 7:14 | Build | Lumber Camp |
| 7:27 | Create | Villager (Male) |
| 7:59 | Research | Loom |
| 8:22 | Research | Feudal Age |
| 9:15 | Build | Barracks |
| 10:21 | Build | House |
| 10:34 | Age | Feudal Age |
| 10:40 | Build | Stable |
| 10:43 | Create | Spearman |
| 10:47 | Research | Double-Bit Axe |
| 10:48 | Create | Villager (Male) |
| 10:48 | Create | Villager (Male) |
| 11:00 | Build | Farm |
| 11:07 | Create | Spearman |
| 11:17 | Create | Villager (Male) |
| 11:20 | Build | Farm |
| 11:21 | Create | Villager (Male) |
| 11:24 | Create | Scout Cavalry |
| 11:25 | Create | Scout Cavalry |
| 11:32 | Create | Scout Cavalry |
| 11:47 | Build | Farm |
| 11:50 | Build | House |
| 11:58 | Build | Palisade Wall |
| 12:03 | Build | Palisade Wall |
| 12:10 | Build | Palisade Wall |
| 12:14 | Create | Villager (Male) |
| 12:17 | Build | Farm |
| 12:35 | Build | Palisade Wall |
| 12:39 | Build | Palisade Wall |
| 12:46 | Build | Palisade Wall |
| 12:49 | Create | Villager (Male) |
| 12:52 | Build | Farm |
| 13:02 | Build | Farm |
| 13:10 | Build | Farm |
| 13:12 | Create | Villager (Male) |
| 13:36 | Build | Palisade Wall |
| 13:42 | Create | Scout Cavalry |
| 13:46 | Build | Farm |
| 13:48 | Build | Farm |
| 13:53 | Create | Villager (Male) |
| 13:57 | Build | Farm |
| 14:01 | Build | Farm |
| 14:45 | Create | Villager (Male) |
| 14:50 | Build | Archery Range |
| 15:03 | Create | Villager (Male) |
| 15:07 | Build | Farm |
| 15:29 | Build | House |
| 15:42 | Build | House |
| 15:45 | Create | Villager (Male) |
| 15:47 | Build | Farm |
| 15:51 | Create | Archer |
| 15:56 | Build | Mining Camp |
| 15:59 | Create | Villager (Male) |
| 16:00 | Create | Villager (Male) |
| 16:05 | Create | Scout Cavalry |
| 16:21 | Build | House |
| 16:27 | Create | Villager (Male) |
| 16:56 | Create | Villager (Male) |
| 17:22 | Create | Villager (Male) |
| 17:38 | Build | Blacksmith |
| 17:49 | Create | Archer |
| 17:49 | Create | Archer |
| 18:04 | Create | Villager (Male) |
| 19:51 | Create | Archer |
| 19:51 | Create | Archer |
| 19:54 | Build | House |
| 19:54 | Build | House |
| 19:57 | Create | Villager (Male) |
| 19:57 | Create | Villager (Male) |
| 19:57 | Create | Villager (Male) |
| 19:59 | Build | Farm |
| 20:08 | Build | Farm |
| 20:11 | Build | Farm |
| 20:14 | Build | Farm |
| 20:16 | Build | Farm |
| 20:23 | Build | House |
| 20:24 | Build | House |
| 20:26 | Build | House |
| 20:34 | Build | Mining Camp |
| 20:36 | Create | Villager (Male) |
| 20:39 | Build | Farm |
| 20:51 | Create | Archer |
| 20:53 | Build | House |
| 20:55 | Build | House |
| 20:57 | Build | House |
| 20:59 | Create | Archer |
| 21:02 | Create | Villager (Male) |
| 21:05 | Build | Farm |
| 21:15 | Research | Wheelbarrow |
| 22:02 | Research | Castle Age |
| 22:05 | Build | Farm |
| 22:08 | Build | Farm |
| 22:12 | Research | Gold Mining |
| 22:15 | Research | Forging |
| 22:16 | Research | Scale Barding Armor |
| 22:20 | Build | House |
| 22:20 | Build | House |
| 22:20 | Build | House |
| 22:55 | Create | Archer |
| 22:55 | Create | Archer |
| 22:56 | Create | Archer |
| 23:01 | Create | Archer |
| 24:11 | Create | Spearman |
| 24:11 | Create | Spearman |
| 24:12 | Create | Spearman |
| 24:51 | Create | Spearman |
| 25:15 | Create | Spearman |
| 25:24 | Build | House |
| 25:27 | Build | House |
| 25:32 | Age | Castle Age |
| 25:41 | Research | Pikeman (upgrade) |
| 25:47 | Create | Knight |
| 25:48 | Create | Knight |
| 25:48 | Create | Knight |
| 25:48 | Create | Knight |
| 25:53 | Create | Villager (Male) |
| 25:53 | Create | Villager (Male) |
| 25:53 | Create | Villager (Male) |
| 26:07 | Research | Bow Saw |
| 26:17 | Create | Villager (Male) |
| 26:17 | Create | Villager (Male) |
| 26:17 | Create | Villager (Male) |
| 26:44 | Create | Villager (Male) |
| 26:56 | Create | Spearman |
| 26:56 | Create | Spearman |
| 26:58 | Create | Knight |
| 26:58 | Create | Knight |
| 27:37 | Create | Spearman |
| 27:37 | Create | Spearman |
Match timeline
| 7:43 | beowulf210290 · first_building Barracks |
| 8:09 | beowulf210290 · wall_segment Palisade Wall x4 |
| 8:26 | beowulf210290 · wall_segment Palisade Wall x7 |
| 8:39 | beowulf210290 · wall_segment Palisade Wall x4 |
| 9:15 | RDreaM · first_building Barracks |
| 9:50 | beowulf210290 · wall_segment Palisade Wall x3 |
| 10:04 | beowulf210290 · wall_segment Palisade Wall x6 |
| 10:07 | beowulf210290 · age_up feudal |
| 10:34 | RDreaM · age_up feudal |
| 10:40 | RDreaM · first_building Stable |
| 11:58 | RDreaM · wall_segment Palisade Wall x2 |
| 12:03 | RDreaM · wall_segment Palisade Wall x6 |
| 12:10 | RDreaM · wall_segment Palisade Wall x20 |
| 12:35 | RDreaM · wall_segment Palisade Wall x10 |
| 12:39 | RDreaM · wall_segment Palisade Wall x13 |
| 12:46 | RDreaM · wall_segment Palisade Wall x14 |
| 13:36 | RDreaM · wall_segment Palisade Wall x3 |
| 14:50 | RDreaM · first_building Archery Range |
| 15:38 | beowulf210290 · first_building Stable |
| 18:11 | beowulf210290 · wall_segment Palisade Wall x3 |
| 21:49 | beowulf210290 · age_up castle |
| 25:32 | RDreaM · age_up castle |
| 26:41 | beowulf210290 · first_building Castle |
| 32:30 | RDreaM · resign |
[ AI ANALYSIS · 1 CREDIT ]
What really happened in this match?
Wolo.gg analyzes every decision: build order, eco, micro, common mistakes by bracket. Personalized analysis on WhatsApp or Discord in 30 seconds.
Civ guide
Khmer
Map guide
Golden Pit
Perfil
beowulf210290